 Dungeon Crawl Stone Soup version 0.31.0 (webtiles) character file.

Game seed: 2666121733531156075

298 qw the Shooter (level 6, -13/39 HPs)
             Began as a Gargoyle Hunter on Jan 20, 2024.
             Killed by divine providence
             ... invoked by an orc priest
              (17 damage)
             ... on level 4 of the Dungeon.
             The game lasted 00:00:07 (2175 turns).

qw the Shooter (Gargoyle Hunter)                    Turns: 2175, Time: 00:00:08

Health: -13/39     AC:  9    Str: 14    XL:     6   Next: 35%
Magic:  6/6        EV: 11    Int: 10    God:
Gold:   198        SH:  0    Dex: 19    Spells: 5/5 levels left

rFire   . . .        d - +6 arbalest (freeze)
rCold   + . .        (shield currently unavailable)
rNeg    + . .        f - +0 ring mail "Mihi" {Dex+4}
rPois   inf          (no helmet)
rElec   +            (no cloak)
rCorr   .            (no gloves)
SInv    .            (no boots)
Will    .....        (no amulet)
Stlth   +            a - ring of protection from cold
HPRegen 0.26/turn    (no ring)
MPRegen 0.10/turn

%: no passive effects
@: no status effects
A: sickness immunity, AC +4, negative energy resistance 1, electricity
resistance, torment resistance 1, petrification resistance
a: no special abilities


You were on level 4 of the Dungeon.
You visited 1 branch of the dungeon, and saw 4 of its levels.

You collected 292 gold pieces.
You spent 94 gold pieces at shops.


Innate Abilities, Weirdness & Mutations

You are immune to sickness and miasma.
Your stone body is resilient. (AC +4)
You are immune to poison.
You resist negative energy. (rN+)
You are resistant to electric shocks. (rElec)
You are resistant to unholy torment.
You are immune to petrification.


   Skills:
 - Level 4.5 Fighting
 + Level 6.3 Ranged Weapons
 - Level 1.0 Armour
 - Level 1.5 Dodging
 - Level 1.1 Stealth


You had 5 spell levels left.
You didn't know any spells.
Your spell library was empty.

Inventory:

Hand Weapons
 d - a +6 arbalest of freezing (weapon)
Armour
 f - the +0 ring mail "Mihi" (worn) {Dex+4}
   (You found it on level 3 of the Dungeon)

   Dex+4:     It affects your dexterity (+4).
Jewellery
 a - a ring of protection from cold (left hand)
Scrolls
 i - a scroll of revelation {unknown}
Potions
 b - a potion of resistance {unknown}
 c - a potion of enlightenment {unknown}
 e - a potion of curing
 g - a potion of lignification {unknown}
 h - a potion of attraction {unknown}
 j - a potion of brilliance {unknown}

Dungeon Overview and Level Annotations

Branches:
Dungeon (4/15)
 Temple: D:4-7

Altars:
Xom

Shops:
D:1 *


Message History

You shoot a bolt. The bolt hits the bombardier beetle!
The bolt freezes the bombardier beetle.
You kill the bombardier beetle!
Found a mace.
j - a fizzy coppery potion You open the door. 2 orc priests, an orc wizard and an orc come into view.
The orc wizard mumbles some strange words.
The orc wizard flickers and vanishes!
Deactivating autopickup; reactivate with Ctrl-A.
The orc priest shouts!
Found a scroll of poison.
You shoot a bolt. The orc priest shouts!
The orc shouts!
The bolt hits the orc.
The bolt freezes the orc.
The orc is severely wounded.
You hear an angry hiss.
An adder comes into view.
You shoot a bolt. The bolt barely misses the orc.
The bolt hits the adder!
The bolt freezes the adder.
You kill the adder!
A goblin comes into view. It is wielding a +0 dagger.
The orc priest calls down the wrath of Beogh upon you.
Pain shoots through your body! The orc barely misses you.
You shoot a bolt. The bolt closely misses the orc.
The bolt barely misses the goblin.
The orc hits you but does no damage.
The orc priest invokes the aid of Beogh against you.
Beogh smites you!
The orc priest mumbles some strange prayers to Beogh against you.
Beogh smites you! The orc hits you but does no damage.
You shoot a bolt. The bolt barely misses the orc.
The orc barely misses you. The goblin hits you but does no damage.
The orc priest mumbles some strange prayers to Beogh against you.
Pain shoots through your body!
You shoot a bolt. The bolt barely misses the orc.
The goblin hits you but does no damage. The orc hits you with a +0 hand axe.
The orc priest calls down the wrath of Beogh upon you.
Beogh smites you!
You die...

...? #..# #### ##..##
##..# #.... #...# ....
+...# . o%# #...#
....###o###### #..#
......o@....%##+#####..#
.....)g.................
........................
.#######.##.###.##....##
########.##....##
#..........#
#..........#
#..........#
####..##..####


You could see 2 orc priests, an orc and a goblin.

Vanquished Creatures
  An ogre (D:4)
  A bombardier beetle (D:4)
  8 adders
  4 gnolls (D:2)
  2 ribbon worms
  A dart slug (D:3)
  An orc (D:4)
  8 ball pythons
  6 endoplasms
  2 giant cockroaches
  6 goblins
  2 hobgoblins
  8 jackals
  3 kobolds
  2 quokkas
  3 bats
  3 frilled lizards
  3 rats
64 creatures vanquished.

Notes
Turn   | Place    | Note
-------+----------+-------------------------------------------
     0 | D:1      | qw the Gargoyle Hunter began the quest for the Orb.
     0 | D:1      | Reached XP level 1. HP: 12/12 MP: 1/1
     0 | D:1      | 0 ||| qw: Version: 0.3-a-132-g3d54051
     0 | D:1      | 0 ||| qw: Game counter: 556
     0 | D:1      | 0 ||| qw: Melee chars always use a shield: true
     0 | D:1      | 0 ||| qw: God list: Okawaru
     0 | D:1      | 0 ||| qw: Allow faded altars: false
     0 | D:1      | 0 ||| qw: Do Orc after clearing Dungeon:15 true
     0 | D:1      | 0 ||| qw: Do second Lair branch before Depths: true
     0 | D:1      | 0 ||| qw: Lair rune preference: random
     0 | D:1      | 0 ||| qw: Goals: Normal
     0 | D:1      | 0 ||| PLANNING D:1-11
   149 | D:1      | 149 ||| SWAPPING to +2 arbalest of freezing.
   150 | D:1      | 150 ||| DROPPING +0 shortbow.
   181 | D:1      | Reached XP level 2. HP: 13/17 MP: 2/2
   546 | D:1      | Found Itydep's Assorted Antiques.
   554 | D:1      | 554 ||| BUYING bubbling clear potion (22 gold).
   554 | D:1      | Bought a bubbling clear potion for 22 gold pieces
   554 | D:1      | 554 ||| BUYING clear potion (22 gold).
   554 | D:1      | Bought a clear potion for 22 gold pieces
   554 | D:1      | 554 ||| SHOPLISTING glowing steam dragon scales (1075 gold,
                  | have 56).
   554 | D:1      | 554 ||| BUYING scroll labelled KAENWY TIODUT (25 gold).
   554 | D:1      | Bought a scroll labelled KAENWY TIODUT for 25 gold pieces
   554 | D:1      | 554 ||| BUYING scroll labelled ZACEKAHEME (25 gold).
   554 | D:1      | Bought a scroll labelled ZACEKAHEME for 25 gold pieces
   670 | D:1      | 670 ||| READING scroll labelled RIFUACAMOE.
   671 | D:1      | 671 ||| READING scroll labelled WAHOIG PIBIUGU.
   676 | D:1      | 676 ||| READING scroll labelled KAENWY TIODUT.
   677 | D:1      | 677 ||| READING scroll labelled ZACEKAHEME.
   678 | D:1      | 678 ||| DROPPING scroll of butterflies.
   715 | D:2      | Found a shimmering altar of Xom.
   722 | D:2      | Reached XP level 3. HP: 21/21 MP: 3/3
   757 | D:2      | Reached skill level 5 in Ranged Weapons
   757 | D:2      | 757 ||| FLEEEEING.
   764 | D:2      | 764 ||| STAIRDANCE
   774 | D:1      | 774 ||| READING scroll labelled SUCAENL LOUMI.
   881 | D:2      | Reached skill level 3 in Fighting
   881 | D:2      | Reached XP level 4. HP: 23/28 MP: 4/4
   881 | D:2      | 881 ||| FLEEEEING.
   917 | D:2      | You fall into a shaft and drop 1 floor!
   947 | D:3      | Identified the +0 ring mail "Mihi" {Dex+4}
  1137 | D:3      | 1137 ||| UPGRADING to +0 ring mail "Mihi" {Dex+4}.
  1147 | D:3      | 1147 ||| FLEEEEING.
  1151 | D:3      | 1151 ||| STAIRDANCE
  1153 | D:2      | 1153 ||| DROPPING +0 leather armour.
  1170 | D:2      | Reached skill level 1 in Armour
  1179 | D:2      | Reached XP level 5. HP: 20/32 MP: 5/5
  1240 | D:2      | 1240 ||| FLEEEEING.
  1483 | D:2      | 1483 ||| READING 2 scrolls labelled BUTREAG KIKOAD.
  1483 | D:2      | 1483 ||| IDENTIFYING grey potion
  1484 | D:2      | 1484 ||| READING scroll of identify.
  1484 | D:2      | 1484 ||| IDENTIFYING green potion
  1485 | D:2      | 1485 ||| READING 4 scrolls labelled FIQUXU RELUTOCS.
  1485 | D:2      | 1485 ||| ENCHANTING +2 arbalest of freezing.
  1486 | D:2      | 1486 ||| READING 3 scrolls of enchant weapon.
  1486 | D:2      | 1486 ||| ENCHANTING +3 arbalest of freezing.
  1487 | D:2      | 1487 ||| READING 2 scrolls of enchant weapon.
  1487 | D:2      | 1487 ||| ENCHANTING +4 arbalest of freezing.
  1488 | D:2      | 1488 ||| READING scroll of enchant weapon.
  1488 | D:2      | 1488 ||| ENCHANTING +5 arbalest of freezing.
  1489 | D:2      | 1489 ||| DROPPING potion of magic.
  1600 | D:3      | Reached skill level 6 in Ranged Weapons
  1986 | D:3      | 1986 ||| UPGRADING to ring of protection from cold.
  2058 | D:4      | Noticed an ogre
  2062 | D:4      | Killed an ogre
  2063 | D:4      | Reached XP level 6. HP: 39/39 MP: 6/6
  2174 | D:4      | HP: 9/39 [orc priest/nerve-wracking pain (1)]
  2175 | D:4      | HP: 4/39 [orc/+0 hand axe (6)]
  2175 | D:4      | Killed from afar by an orc priest

Levels and vault maps discovered:
D:1:      nzn_arrival_crosshair, layout_loops_ring, serial_shops,
          nicolae_shop_dealshenge
D:2:      layout_rooms, basic_altar
D:3:      layout_basic, amethyst_killhole
D:4:      dreamdust_elfheim, layout_gridville, kennysheep_little_box

Skill      XL: |  1  2  3  4  5 |
---------------+----------------+-----
Ranged Weapons | 5 6 |  6.3
Fighting       | 3 4 |  4.5
Armour         | 1 |  1.0
Dodging        | |  1.5
Stealth        | |  1.1

Action                     |  1- 3 |  4- 6 || total
---------------------------+-------+-------++-------
   Fire: Arbalest          |    57 |    69 ||   126
         Shortbow          |     4 |       ||     4
    Use: Scroll            |     5 |     6 ||    11
 Armour: Leather armour    |    46 |       ||    46
         Ring mail         |       |    23 ||    23
  Dodge: Dodged            |    51 |    16 ||    67

Table legend:
 A = Non-vault XP
 B = Vault XP
 C = Vault XP percentage of total XP
 D = Non-vault monster count
 E = Vault monster count
 F = Vault count percentage of total count
                 A         B        C        D         E       F
            +---------+---------+-------+---------+---------+-------
      Total |     426 |       0 |   0.0 |      64 |       0 |   0.0
            +---------+---------+-------+---------+---------+-------
        D:1 |      19 |       0 |   0.0 |      10 |       0 |   0.0
        D:2 |     148 |       0 |   0.0 |      28 |       0 |   0.0
        D:3 |      48 |       0 |   0.0 |      18 |       0 |   0.0
        D:4 |     211 |       0 |   0.0 |       8 |       0 |   0.0
            +---------+---------+-------+---------+---------+-------
